 Dungeon Sprint DCSS version 0.22-a0-388-g09e6169 (webtiles) character file.

37 Kidiri the Magician (level 3, -3/19 HPs)
             Began as a Deep Elf Fire Elementalist on Apr 29, 2018.
             Slain by a sky beast (5 damage)
             ... in the Dungeon (Sprint IX: "|||||||||||||||||||||||||||||").
             The game lasted 00:01:04 (190 turns).

Kidiri the Magician (Deep Elf Fire Elementalist)     Turns: 190, Time: 00:01:05

Health: -3/19      AC:  2    Str:  5    XL:     3   Next: 21%
Magic:  10/13      EV: 13    Int: 20    God:
Gold:   0          SH:  0    Dex: 15    Spells: 14/15 levels left

rFire    . . .     SeeInvis .   j - +0 short sword
rCold    . . .     Gourm    .   (no shield)
rNeg     . . .     Faith    .   a - +0 robe
rPois    .         Spirit   .   (no helmet)
rElec    .         Reflect  .   (no cloak)
rCorr    .         Harm     .   (no gloves)
MR       .....     NoTele   +   (no boots)
Stlth    ++........             (no amulet)
HPRegen  0.06/turn              (no ring)
MPRegen  0.13/turn              (no ring)

@: no status effects
A: no striking features
a: no special abilities


You were in the Dungeon.
You were not hungry.

You visited 1 branch

Inventory:

Hand Weapons
 j - a +0 short sword (weapon)
Armour
 a - a +0 robe (worn)
Scrolls
 i - a scroll of blinking
Potions
 f - a potion of haste
 g - a potion of magic
 h - a potion of berserk rage
Comestibles
 b - 2 chunks of flesh
 c - a ration


   Skills:
 - Level 2.4 Dodging
 - Level 2.4 Stealth
 * Level 6.6 Spellcasting
 + Level 3.5 Conjurations
 + Level 4.8 Fire Magic


You had 14 spell levels left.
You knew the following spells:

 Your Spells              Type           Power        Failure   Level  Hunger
a - Flame Tongue          Conj/Fire      ###..        1%          1    None


Dungeon Overview and Level Annotations

Branches:
Dungeon (1/1)

Altars:


Message History

The flame tongue misses the sky beast.
The flame tongue hits the ogre.
The ogre is moderately wounded.
The sky beast flickers out of sight!
Deactivating autopickup; reactivate with Ctrl-A.
Something hits you. Something shocks you.
* * * LOW HITPOINT WARNING * * *
The ogre is engulfed in a cloud of scalding steam.
Okay, then.
The ogre is engulfed in a cloud of scalding steam.
A sky beast appears from thin air!
Reactivating autopickup.
Casting: Flame Tongue (safe; 1% risk of failure)
Confirm with . or Enter, or press ? or * to list all spells.
Aiming: Flame Tongue (safe; 1% risk of failure)
Press: ? - help, Shift-Dir - straight line, f/p - ogre
Aim: an ogre, wielding a giant spiked club (rain, severely wounded)
The flame tongue hits the sky beast.
The sky beast is heavily wounded.
The sky beast hits you.
You die...

▓.▓
▓.▓
▓†▓
▓§▓
▓'▓
▓.▓
▓O▓
▓Y▓
▓@▓
▓)▓
▓'▓
▓.▓
▓.▓
▓.▓
▓<▓
▓▓▓


You could see a sky beast and an ogre.

Vanquished Creatures
  An orc priest (D)
  A giant cockroach (D)
  A goblin (D)
  A hobgoblin (D)
  A jackal (D)
  A quokka (D)
  A bat (D)
  A kobold (D)
8 creatures vanquished.

Notes
Turn   | Place    | Note
-------+----------+-------------------------------------------
     0 | D        | Kidiri the Deep Elf Fire Elementalist began the quest for the Orb.
     0 | D        | Reached XP level 1. HP: 10/10 MP: 6/6
     8 | D        | Reached skill level 4 in Spellcasting
   172 | D        | Noticed an ogre
   172 | D        | Noticed a sky beast
   172 | D        | Noticed an orc priest
   177 | D        | Killed an orc priest
   177 | D        | Reached skill level 6 in Spellcasting
   177 | D        | Reached XP level 2. HP: 13/15 MP: 4/11
   177 | D        | Reached XP level 3. HP: 17/19 MP: 4/13
   190 | D        | Slain by a sky beast

Vault maps used:
D:        linesprint

Skill      XL: |  1 |
---------------+----+-----
Spellcasting   | 6 |  6.6
Conjurations   | 3 |  3.5
Fire Magic     | 4 |  4.8
Dodging        | |  2.4
Stealth        | |  2.4

Action                   || total
-------------------------++-------
Melee: Unarmed           ||     5
 Cast: Flame Tongue      ||    17
  Use: Potion            ||     3
Armor: Robe              ||     1
Dodge: Dodged            ||    12

Table legend:
 A = Spawn XP
 B = Non-spawn XP
 C = Spawn XP percentage of total XP
 D = Spawn monster count
 E = Non-spawn monster count
 F = Spawn count percentage of total count
 G = Total turns spent on level
                    A         B        C        D         E        F      G
               +---------+---------+-------+---------+---------+-------+---------
         Total |       0 |      53 |   0.0 |       0 |       8 |   0.0 |   190
               +---------+---------+-------+---------+---------+-------+---------
             D |       0 |      53 |   0.0 |       0 |       8 |   0.0 |   190
               +---------+---------+-------+---------+---------+-------+---------
